 Dungeon Crawl Stone Soup version 0.28-a0-1555-g9ae15a6949 (webtiles) character file.

Game seed: 15689029689289607594

114 pokeman the Magician (level 4, -3/24 (25) HPs)
             Began as a Deep Elf Hedge Wizard on Jan 18, 2022.
             Slain by a hell rat (13 damage)
             ... in a sewer.
             The game lasted 00:07:02 (2871 turns).

pokeman the Magician (Deep Elf Hedge Wizard)        Turns: 2871, Time: 00:07:02

HP:   -3/24 (25)    AC:  2    Str: 13    XL:     4   Next: 66%
MP:   6/13          EV: 12    Int: 21    God:
Gold: 65            SH:  0    Dex: 14    Spells: 3/14 levels left

rFire   . . .      SeeInvis .   f - +1 whip (vamp)
rCold   . . .      Faith    .   (no shield)
rNeg    . . .      Spirit   .   b - +0 robe
rPois   .          Reflect  .   c - +0 hat
rElec   .          Harm     .   (no cloak)
rCorr   .          Rampage  .   (no gloves)
Will    .....                   (no boots)
Stlth   +.........              (no amulet)
HPRegen 0.08/turn               a - +6 ring of strength
MPRegen 0.13/turn               (no ring)

@: on blink cooldown, lightly drained, very slow
A: no striking features
a: no special abilities


You were in a sewer.
You visited 1 branch of the dungeon, and saw 3 of its levels.
You also visited: Sewer.

You collected 65 gold pieces.

Inventory:

Hand Weapons
 f - a +1 vampiric whip (weapon)
Armour
 b - a +0 robe (worn)
 c - a +0 hat (worn)
 k - a +0 helmet
Jewellery
 a - a +6 ring of strength (left hand)
Scrolls
 e - 2 scrolls of silence {unknown}
 g - a scroll of teleportation {unknown}
 i - a scroll of blinking {unknown}
 j - a scroll of acquirement {unknown}
 m - a scroll of enchant armour {unknown}
 o - a scroll of immolation {unknown}
 q - 3 scrolls of fear {unknown}
Potions
 d - a potion of flight {unknown}
 h - a potion of curing {unknown}
 l - a potion of degeneration {unknown}
 n - a potion of heal wounds {unknown}
 p - a potion of magic {unknown}


   Skills:
 - Level 1.0 Fighting
 - Level 1.0 Armour
 + Level 2.8 Dodging
 - Level 2.4 Stealth
 * Level 5.8 Spellcasting
 + Level 2.3 Conjurations
 - Level 1.1 Summonings
 - Level 1.1 Translocations
 + Level 1.1 Fire Magic


You had 3 spell levels left.
You knew the following spells:

 Your Spells              Type           Power      Damage    Failure   Level
a - Magic Dart            Conj           60%        1d6       3%          1
b - Mephitic Cloud        Conj/Pois/Air  9%         N/A       22%         3
c - Call Imp              Summ           10%        N/A       10%         2
d - Blink                 Tloc           20%        N/A       10%         2
e - Conjure Flame         Conj/Fire      13%        6-21      16%         3

Your spell library contained the following spells:

 Spells                   Type           Power      Damage    Failure   Level
 Slow                     Hex            24%        N/A       10%         1
 Ozocubu's Armour         Ice            6%         N/A       30%         3
 Ozocubu's Refrigeration  Ice            3%         4d5       100%        7


Dungeon Overview and Level Annotations

Branches:
Dungeon (3/15)              Sewer (1/1)

Altars:

Annotations:
D:3 1 runed translucent door, Crazy Yiuf, Natasha, Sigmund


Message History

p - a murky silvery potion You see here 3 scrolls labelled MEJOGE JESE.
q - 3 scrolls labelled MEJOGE JESE You enter the shallow water.
Moving in this stuff is going to be slow.
The hell rat seems less confused.
There is an open door here.
You enter the shallow water.
Moving in this stuff is going to be slow.
The hell rat barely misses you.
You see here a rat corpse.
You enter the shallow water.
Moving in this stuff is going to be slow.
The hell rat misses you.
The hell rat splashes around in the water.
You enter the shallow water.
Moving in this stuff is going to be slow.
The hell rat barely misses you.
There is a gate leading back out of this place here.
You enter the shallow water.
Moving in this stuff is going to be slow.
The hell rat closely misses you.
You enter the shallow water.
Moving in this stuff is going to be slow.
The hell rat bites you.
You feel drained.
You enter the shallow water.
Moving in this stuff is going to be slow.
You enter the shallow water.
Moving in this stuff is going to be slow.
The hell rat bites you.
Casting: Magic Dart (safe; 3% risk of failure)
Confirm with . or Enter, or press ? or * to list all spells.
You blink.
Splash!
The hell rat barely misses you.
You enter the shallow water.
Moving in this stuff is going to be slow.
The hell rat bites you!
Ouch! That really hurt!
You die...

#########
###.≈.∩≈≈≈###
###÷≈.≈≈∩≈≈.≈≈###
#.≈≈.≈#####.≈≈≈≈#
##≈..###.∩.###@≈≈##
#≈≈≈##≈.....≈##r..#
#≈.≈#≈.≈≈≈≈≈≈≈#≈≈≈#
#.≈≈##≈≈≈≈≈≈≈##.≈≈#
##.≈≈###≈≈†###§≈≈##
#≈≈≈.≈##'##≈.≈.≈#
###≈≈.†≈.≈.≈.≈###
###.≈..≈≈.###
#########


You could see a hell rat.

Vanquished Creatures
  2 adders (D:3)
  3 gnolls (D:2)
  3 worms
  3 dart slugs
  An orc (D:3)
  6 ball pythons
  2 endoplasms
  A giant cockroach (D:1)
  9 goblins
  3 hobgoblins
  2 jackals (D:2)
  A quokka (D:3)
  A bat (D:1)
  A frilled lizard (D:2)
  4 kobolds
  13 rats
55 creatures vanquished.

Vanquished Creatures (others)
  A fungus (D:1)
  3 plants (D:1)
4 creatures vanquished.

Grand Total: 59 creatures vanquished

Notes
Turn   | Place    | Note
-------+----------+-------------------------------------------
     0 | D:1      | pokeman the Deep Elf Hedge Wizard began the quest for the
                  | Orb.
     0 | D:1      | Reached XP level 1. HP: 10/10 MP: 7/7
    86 | D:1      | Found a faded altar of an unknown god.
   317 | D:1      | Reached XP level 2. HP: 15/15 MP: 6/9
  1024 | D:2      | Reached skill level 5 in Spellcasting
  1120 | D:2      | Reached XP level 3. HP: 14/20 MP: 0/11
  1124 | D:2      | Learned a level 3 spell: Mephitic Cloud
  1127 | D:2      | Learned a level 2 spell: Call Imp
  1130 | D:2      | Learned a level 2 spell: Blink
  1134 | D:2      | Learned a level 3 spell: Conjure Flame
  1336 | D:2      | Reached skill level 1 in Fighting
  1336 | D:2      | Reached skill level 1 in Armour
  1792 | D:2      | Reached XP level 4. HP: 22/25 MP: 7/13
  2137 | D:3      | Noticed Natasha
  2195 | D:3      | Noticed Sigmund
  2232 | D:3      | Found a runed translucent door.
  2233 | D:3      | Noticed Crazy Yiuf
  2601 | D:3      | Reached skill level 1 in Fire Magic
  2605 | D:3      | Found a glowing drain.
  2615 | Sewer    | Entered a sewer
  2871 | Sewer    | Slain by a hell rat

Illustrated notes

Levels and vault maps discovered:
D:1:      evilmike_arrival_crescent, layout_loops_ring,
          shapermc_ecumenical_altar_rom_forum
D:2:      layout_loops_ring
D:3:      minmay_door_path, layout_basic, cheibrodos_sewer_entry_bend,
          uniq_sigmund, uniq_crazy_yiuf_cottage, uniq_natasha
Sewer:    sewer_hellmonk_bad_rat

Skill      XL: |  1  2  3  4 |
---------------+-------------+-----
Spellcasting   | 5 |  5.8
Fighting       | 1 |  1.0
Armour         | 1 |  1.0
Conjurations   | 2 |  2.3
Fire Magic     | 1 |  1.1
Dodging        | |  2.8
Stealth        | |  2.4
Summonings     | |  1.1
Translocations | |  1.1

Action                   |  1- 3 |  4- 6 || total
-------------------------+-------+-------++-------
Melee: Whip              |    19 |    15 ||    34
 Cast: Magic Dart        |    75 |    53 ||   128
       Mephitic Cloud    |     2 |     3 ||     5
       Blink             |       |     2 ||     2
       Conjure Flame     |       |     1 ||     1
       Call Imp          |       |     1 ||     1
 Stab: Confused          |     1 |     2 ||     3
       Distracted        |       |     1 ||     1
       Sleeping          |       |     1 ||     1
Armor: Robe              |       |     9 ||     9
Dodge: Dodged            |     8 |    30 ||    38

Table legend: (Time is in decaauts)
 A = Elapsed time spent in this place.
 B = Non-inter-level travel time spent in this place.
 C = Inter-level travel time spent in this place.
 D = Time resting spent in this place.
 E = Time spent auto-exploring this place.
 F = Levels seen in this place.
 G = Mean time per level.
                   A        B        C        D        E       F      G
               +--------+--------+--------+--------+--------+-----+--------+
         Total |   2893 |   2851 |     42 |    141 |   2047 |   4 |  723.2 |
       Dungeon |   2620 |   2578 |     42 |    141 |   1853 |   3 |  873.3 |
         Sewer |    273 |    273 |      0 |      0 |    194 |   1 |  273.0 |
               +--------+--------+--------+--------+--------+-----+--------+

Top non-repeatable levels by time:
     D:2: 1185 daAuts
     D:1: 904 daAuts
     D:3: 531 daAuts
   Sewer: 273 daAuts
